 Dungeon Crawl Stone Soup version 0.20.0-8-g6b59dc7 (webtiles) character file.

3120 dobroeutro the Basher (level 9, 0/56 HPs)
             Began as a Gargoyle Fighter on June 3, 2017.
             Was an Elder of Okawaru.
             Slain by a wolf (7 damage)
             ... led by Grum
             ... on level 7 of the Dungeon.
             The game lasted 00:10:33 (6631 turns).

dobroeutro the Basher (Gargoyle Fighter)            Turns: 6631, Time: 00:10:33

Health: 0/56       AC: 22    Str: 21    XL:     9   Next: 91%
Magic:  9/9        EV:  9    Int:  9    God:    Okawaru [****..]
Gold:   229        SH: 10    Dex:  7    Spells: 8/8 levels left

rFire    + . .     SeeInvis .   a - +1 flail
rCold    . . .     Gourm    .   c - +0 shield
rNeg     + . .     Faith    .   s - +5 scale mail of the Equator {rF+ rCorr Dex-4}
rPois    ∞         Spirit   .   (no helmet)
rElec    +         Reflect  .   B - scarf {cloud immunity}
rCorr    +         Harm     .   m - +2 pair of gloves
MR       .....                  y - +0 pair of boots
Stlth    ..........             (no amulet)
Regen    0.2/turn               (no ring)
MPRegen  0.2/turn               (no ring)

@: no status effects
A: negative energy resistance 1, electricity resistance, unbreathing,
petrification resistance, rot immunity, AC +5
a: Heroism, Renounce Religion


You were on level 7 of the Dungeon.
You worshipped Okawaru.
Okawaru was greatly pleased with you.
You were not hungry.

You visited 1 branch of the dungeon, and saw 8 of its levels.

You collected 418 gold pieces.
You spent 189 gold pieces at shops.

Inventory:

Hand Weapons
 a - a +1 flail (weapon)
 o - a +2 whip of pain
Armour
 b - a +0 scale mail
 c - a +0 shield (worn)
 m - a +2 pair of gloves (worn)
 s - the +5 scale mail of the Equator (worn) {rF+ rCorr Dex-4}
   (You bought it in a shop on level 5 of the Dungeon)

   It affects your dexterity (-4).
   It protects you from fire.
   It protects you from acid and corrosion.
 y - a +0 pair of boots (worn)
 B - a scarf of cloud immunity (worn)
Jewellery
 r - an uncursed ring of ice
Wands
 D - a wand of flame (37/48)
 E - a wand of iceblast (4/15)
Scrolls
 h - 2 scrolls of amnesia {unknown}
 i - a scroll of blinking
 j - 3 scrolls of identify
 k - 4 scrolls of enchant armour {unknown}
 q - 5 scrolls of remove curse
 v - a scroll of teleportation {unknown}
 x - a scroll of magic mapping {unknown}
 C - a scroll of fear {unknown}
 I - a scroll of enchant weapon
Potions
 d - 2 potions of might
 e - 2 potions of invisibility {unknown}
 g - a potion of flight {unknown}
 t - a potion of curing
 u - 2 potions of agility {unknown}
 w - 2 potions of brilliance {unknown}
 z - a potion of lignification {unknown}
 A - a potion of berserk rage {unknown}
 F - a potion of mutation {unknown}
 G - a potion of ambrosia {unknown}
Books
 H - a book of Power

   Spells                             Type                      Level
   a - Iskenderun's Battlesphere      Conjuration/Charms           5
   b - Venom Bolt                     Conjuration/Poison           5
   c - Bolt of Magma                  Conjuration/Fire/Earth       5
   d - Iron Shot                      Conjuration/Earth            6
   e - Orb of Destruction             Conjuration                  7
   f - Spellforged Servitor           Conjuration/Summoning        7
Comestibles
 f - 6 bread rations
 l - 3 meat rations
 n - a royal jelly
 p - 16 fruits


   Skills:
 + Level 6.5 Fighting
 * Level 9.3 Maces & Flails
 + Level 6.4 Armour
 + Level 4.0 Dodging
 + Level 6.2 Shields


You had 8 spell levels left.
You didn't know any spells.

Dungeon Overview and Level Annotations

Branches:
Dungeon (8/15)             Temple (0/1) D:5
   Lair: D:8-11

Altars:
Ashenzari
Fedhas
Kikubaaqudgha
Makhleb
Okawaru
Yredelemnul

Shops:
D:5 [   D:8 (

Annotations:
D:8 Grum, Maurice


Innate Abilities, Weirdness & Mutations

You are resistant to torment.
Your stone body is resilient. (AC +5)
You are immune to poison.
You resist negative energy. (rN+)
You are resistant to electric shocks. (rElec)
You can survive without breathing.
You are immune to petrification.
You are immune to rotting.


Message History

The wolf is lightly wounded.
You block the wolf's attack. The wolf bites you.
* * * LOW HITPOINT WARNING * * *
You closely miss the wolf.
The wolf is lightly wounded.
The wolf bites you but does no damage. x2
You closely miss the wolf.
The wolf is lightly wounded.
The wolf barely misses you.
You closely miss the wolf.
The wolf is lightly wounded.
The wolf bites you but does no damage. You block the wolf's attack.
You miss the wolf.
The wolf is lightly wounded.
The wolf bites you but does no damage. The wolf closely misses you.
You hit the wolf.
The wolf is lightly wounded.
The wolf bites you but does no damage. The wolf closely misses you.
The wolf bites you!
You die...

#.#.#.#.<..........#..........#..
.#.#.#.#.###.....#.###.#.##.#.#..
#.#.#.#.#....#...#.# #.#.##.#.#..
.#.#.#.#.##..#.#..[###.#.##......
#.#.#.#.#.#.##(#....##........#.#
.#.#.#.#.##..............##.###.#
#.#.#.#.#....#.#.#>......##.#...#
..........##.#.#.h............###
.....#.#####.#.#@####.####..#.#
.....#.#.........##.....##....#
.....#.(...#.....#.......#.######
##'#.......#.#.#.#.......#.......
##.#####.#.#.#......._.....######
##.#####.#.......#.......#.#
#........#.#.#.#.#.......#.#
.........#.#.#.#.##.....##.#
#........#.#.#.#.####.####.#


You could see a wolf.

Vanquished Creatures
  Sigmund (D:6)
  A steam dragon (D:8)
  A hornet zombie (D:5)
  An orc warrior (D:6)
  3 phantoms
  2 ice beasts (D:7)
  2 wolves
  5 ogres
  A necrophage (D:6)
  A centaur (D:3)
  A big kobold (D:7)
  4 bullfrogs
  3 scorpions
  A howler monkey (D:4)
  5 crimson imps
  A bullfrog zombie (D:7)
  3 orc priests (D:6)
  A bullfrog skeleton (D:5)
  3 hounds
  5 orc wizards
  5 iguanas
  4 worker ants
  A hound zombie (D:7)
  4 adders
  3 gnolls
  An ooze (D:6)
  3 worms
  3 dart slugs
  3 leopard geckos
  21 orcs
  4 bats
  5 goblins
  7 hobgoblins
  9 jackals
  3 quokkas
  7 frilled lizards
  7 kobolds
  A leopard gecko zombie (D:6)
  3 rats
139 creatures vanquished.

Notes
Turn   | Place    | Note
-------+----------+-------------------------------------------
     0 | D:1      | dobroeutro the Gargoyle Fighter began the quest for the Orb.
     0 | D:1      | Reached XP level 1. HP: 14/14 MP: 1/1
    81 | D:1      | Reached XP level 2. HP: 17/19 MP: 2/2
   198 | D:1      | You fall through a shaft!
   205 | D:2      | Reached skill level 3 in Maces & Flails
   696 | D:2      | Reached XP level 3. HP: 18/23 MP: 3/3
  1128 | D:2      | Found an iron altar of Okawaru.
  1471 | D:2      | Became a worshipper of Warmaster Okawaru
  1520 | D:3      | Reached skill level 4 in Maces & Flails
  1548 | D:3      | Found a burning altar of Makhleb.
  1559 | D:3      | Reached XP level 4. HP: 27/28 MP: 4/4
  1594 | D:3      | Found an ancient bone altar of Kikubaaqudgha.
  1796 | D:3      | Found a shattered altar of Ashenzari.
  2012 | D:3      | Noticed a centaur
  2027 | D:3      | Killed a centaur
  2027 | D:3      | Reached * piety under Okawaru
  2027 | D:3      | Reached skill level 5 in Maces & Flails
  2027 | D:3      | Reached XP level 5. HP: 20/32 MP: 5/5
  2250 | D:4      | Reached skill level 6 in Maces & Flails
  2551 | D:3      | Reached XP level 6. HP: 30/37 MP: 3/6
  3014 | D:4      | HP: 1/37 [ogre/giant club (12)]
  3037 | D:4      | Reached skill level 1 in Dodging
  3037 | D:4      | Reached XP level 7. HP: 4/42 MP: 5/7
  3506 | D:4      | Found a blossoming altar of Fedhas.
  3625 | D:5      | Entered Level 5 of the Dungeon
  3750 | D:5      | Reached ** piety under Okawaru
  3750 | D:5      | Reached skill level 7 in Maces & Flails
  4009 | D:5      | Found Axefrop's Antique Armour Shoppe.
  4014 | D:5      | Bought a crude scale mail for 189 gold pieces
  4024 | D:5      | Identified the +5 scale mail of the Equator {rF+ rCorr Dex-4} (You bought it in a shop on level 5 of the Dungeon)
  4072 | D:5      | Found a staircase to the Ecumenical Temple.
  4177 | D:5      | Reached XP level 8. HP: 48/48 MP: 8/8
  4756 | D:5      | Got a dazzling hand axe
  4757 | D:5      | Identified the +1 hand axe of Vonyqomo {elec, Str+3} (You found it on level 5 of the Dungeon)
  5027 | D:6      | Reached skill level 5 in Fighting
  5027 | D:6      | Reached skill level 5 in Armour
  5138 | D:6      | Reached skill level 5 in Shields
  5226 | D:6      | Reached *** piety under Okawaru
  5226 | D:6      | Reached skill level 8 in Maces & Flails
  5280 | D:6      | Reached XP level 9. HP: 39/54 MP: 7/9
  5308 | D:6      | Got an iridescent dagger
  5309 | D:6      | Identified the +0 dagger of Plog {protect, Dex+3} (You found it on level 6 of the Dungeon)
  5542 | D:6      | Noticed Sigmund
  5592 | D:6      | Killed Sigmund
  5821 | D:7      | Found a basalt altar of Yredelemnul.
  6440 | D:8      | Noticed Maurice
  6494 | D:7      | Reached **** piety under Okawaru
  6494 | D:7      | Reached skill level 9 in Maces & Flails
  6501 | D:8      | Found Egakuy's Antique Weapon Shoppe.
  6556 | D:8      | Noticed Grum
  6631 | D:7      | Slain by a wolf

Skill      XL: |  1  2  3  4  5  6  7  8  9 |
---------------+----------------------------+-----
Maces & Flails | 3 4 5 6 7 8 9 |  9.3
Dodging        | 1 3 4 |  4.0
Armour         | 4 5 6 |  6.4
Shields        | 4 5 6 |  6.2
Fighting       | 4 5 6 |  6.5

Action                   |  1- 3 |  4- 6 |  7- 9 || total
-------------------------+-------+-------+-------++-------
Melee: Mace              |    85 |       |       ||    85
       Flail             |    53 |   149 |   458 ||   660
Invok: Heroism           |       |     4 |     2 ||     6
  Use: Scroll            |     3 |       |       ||     3
       Potion            |       |     1 |       ||     1
  Eat: Chunk             |     2 |     5 |    10 ||    17
       Royal jelly       |       |       |     2 ||     2
Armor: Scale mail        |    69 |    60 |   200 ||   329
Dodge: Dodged            |    55 |    49 |   117 ||   221
Block: Shield            |    58 |    63 |   188 ||   309
